 Dungeon Crawl Stone Soup version 0.27-a0-861-g9529aa9bf3 (webtiles) character file.

Game seed: 5811006552784070441

3199 McIrco the Covert (level 9, 0/44 HPs)
             Began as a Spriggan Brigand on Apr 2, 2021.
             Was a Priest of Okawaru.
             Killed from afar by an orc wizard (6 damage)
             ... with a magic dart
             ... on level 7 of the Dungeon.
             The game lasted 00:34:49 (11178 turns).

McIrco the Covert (Spriggan Brigand)               Turns: 11178, Time: 00:34:50

Health: 0/44       AC:  3    Str:  7    XL:     9   Next: 64%
Magic:  10/10      EV: 24    Int: 14    God:    Okawaru [***...]
Gold:   474        SH:  0    Dex: 18    Spells: 8/8 levels left

rFire    . . .     SeeInvis +   u - +3 dagger
rCold    . . .     Faith    .   (shield restricted)
rNeg     . . .     Spirit   .   b - +0 robe
rPois    .         Reflect  .   (helmet restricted)
rElec    .         Harm     .   c - +0 cloak
rCorr    .         Rampage  .   (gloves unavailable)
Will     +....                  (boots unavailable)
Stlth    +++++.....             s - amulet of the acrobat
HPRegen  0.14/turn              (no ring)
MPRegen  0.12/turn              (no ring)

@: very quick
A: very small, no large weapons, unfitting armour, see invisible, speed 3
a: Renounce Religion, Heroism


You were on level 7 of the Dungeon.
You worshipped Okawaru.
Okawaru was most pleased with you.
You visited 2 branches of the dungeon, and saw 8 of its levels.
You also visited: Bailey.

You collected 474 gold pieces.

Inventory:

Hand Weapons
 u - a +3 dagger (weapon)
 B - a +4 spear
Missiles
 d - 11 poisoned darts (quivered)
 e - 2 curare-tipped darts
Armour
 b - a +0 robe (worn)
 c - a +0 cloak (worn)
Jewellery
 k - a ring of wizardry
 s - an amulet of the acrobat (around neck)
Wands
 g - a wand of flame (15)
 z - a wand of random effects (17)
Scrolls
 f - 2 scrolls of acquirement
 i - 2 scrolls of amnesia
 o - 3 scrolls of noise
 p - 4 scrolls of teleportation
 q - a scroll of magic mapping
 r - 2 scrolls of vulnerability {unknown}
 t - a scroll of immolation {unknown}
 v - 2 scrolls of enchant weapon {unknown}
 y - a scroll of silence {unknown}
 A - 2 scrolls of identify
Potions
 a - a potion of brilliance
 h - 2 potions of heal wounds
 j - a potion of invisibility
 l - 2 potions of curing
 m - 2 potions of flight
 n - a potion of ambrosia
 w - 2 potions of magic {unknown}
 x - a potion of degeneration {unknown}
 C - a potion of mutation {unknown}


   Skills:
 - Level 3.0 Fighting
 + Level 8.5(8.9) Short Blades
 - Level 2.7(4.9) Long Blades
 - Level 5.0 Throwing
 - Level 10.0 Dodging
 - Level 10.0 Stealth


You had 8 spell levels left.
You didn't know any spells.
Your spell library contained the following spells:

 Spells                   Type           Power      Damage    Failure   Level
 Summon Small Mammal      Summ           0%         N/A       28%         1
 Call Imp                 Summ           0%         N/A       41%         2
 Call Canine Familiar     Summ           0%         N/A       65%         3
 Summon Guardian Golem    Hex/Summ       0%         N/A       65%         3
 Summon Ice Beast         Ice/Summ       0%         N/A       96%         4
 Summon Lightning Spire   Summ/Air       0%         N/A       96%         4


Dungeon Overview and Level Annotations

Branches:
Dungeon (7/15)             Temple (1/1) D:6          Bailey (visited)

Altars:
Ashenzari
Cheibriados
Dithmenos
Elyvilon
Fedhas
Gozag
Hepliaklqana
Kikubaaqudgha
Makhleb
Nemelex Xobeh
Okawaru
Qazlal
Sif Muna
Trog
Uskayaw
Vehumet
Xom
Yredelemnul
The Shining One

Portals:
Abyss: D:5

Annotations:
D:5 paps's ghost, weakling DsDe


Innate Abilities, Weirdness & Mutations

You are very small and have problems with some larger weapons.
You are too small for most types of armour.
You have supernaturally acute eyesight. (SInv)
You cover ground extremely quickly. (Speed+++)


Message History

You hit the orc wizard.
The orc wizard is lightly wounded.
Unknown command.
Unknown command.
You hit the orc wizard.
The orc wizard is lightly wounded.
The orc hits you with a +0 mace. The orc wizard completely misses you.
Unknown command.
You hit the orc wizard but do no damage.
The orc wizard is lightly wounded.
You hit the orc wizard but do no damage.
The orc wizard is lightly wounded.
The orc wizard points at you and mumbles some strange words.
The puff of flame hits you!
Unknown command.
Aiming: Throw Flame
Press: ? - help, Shift-Dir - straight line, f - orc wizard
Aim: an orc wizard, wielding a +0 dagger and wearing a +0 robe (lightly wounded, 40% to evade)
The puff of flame hits the orc wizard.
The orc wizard is moderately wounded.
The orc closely misses you. The orc completely misses you.
The orc wizard misses you.
Unknown command.
Unknown command.
Aiming: Throw Flame
Press: ? - help, Shift-Dir - straight line, f/p - orc wizard
Aim: an orc wizard, wielding a +0 dagger and wearing a +0 robe (moderately wounded, 40% to evade)
The puff of flame hits the orc wizard.
The orc wizard is severely wounded.
The orc completely misses you. x2; The orc wizard closely misses you.
Aiming: Throw Flame
Press: ? - help, Shift-Dir - straight line, f/p - orc wizard
Aim: an orc wizard, wielding a +0 dagger and wearing a +0 robe (severely wounded, 40% to evade)
The puff of flame hits the orc wizard.
The orc wizard is almost dead.
The orc completely misses you. The orc hits you with a +0 war axe!
* * * LOW HITPOINT WARNING * * *
The orc wizard gestures at you while chanting.
The magic dart hits you.
You die...

*,* *,,,,,***#.# #....#.#
*,* *****,***,* #.#
#.####.# *,* *,,,,,*
*,####)####.## #.#
*,****,***,***,#..........#
#.#
,,,,,,,,,,,,,,,#.##.####..#
#.# ,,***,,****,***#.##.#
#..#**,* ,,***,,* *,*
#.##.# #..#,,,*** ,,,,*,,*
*,* #.##.# #..#,***,,
,,,,*,,*
*,***#@##.#**#..#,* *,*
,,,,*,,*
#..ooooo........#,* *,*
,,,,,,,*
######.#.######.#,* *,*
,,,,*,** #.#.# *,*,* *,*
,,,,*,,* #.#,# *,*,* *,*
***,**,*
******#.#,******,*,* *,* *
**,*,* *,,,,,...,,,,,,,,,,*
*,*
**,,***,****..#*******,***
*,* *,,,,,,,,,,,,* *,* *,*


You could see an orc wizard and 4 orcs.

Vanquished Creatures
  A two-headed ogre (D:7)
  Sigmund (D:2)
  A water moccasin (D:5)
  8 orc warriors (Bailey)
  A sky beast (D:5)
  2 ice beasts
  A black bear (D:4)
  2 necrophages
  3 centaurs
  A phantom (D:7)
  A kobold brigand (D:6)
  A scorpion (D:6)
  2 howler monkeys (D:5)
  A centaur zombie (D:7)
  A jelly (D:7)
  3 hounds
  4 iguanas
  2 hound skeletons (D:4)
  4 gnolls (D:3)
  A howler monkey skeleton (D:6)
  8 adders
  A white imp (D:3)
  A worm (D:3)
  2 dart slugs
  21 orcs
  6 bats
  6 endoplasms
  4 giant cockroaches
  12 goblins
  5 hobgoblins
  3 jackals
  4 quokkas
  4 ball pythons
  A frilled lizard (D:2)
  7 kobolds
  7 rats
133 creatures vanquished.

Notes
Turn   | Place    | Note
-------+----------+-------------------------------------------
     0 | D:1      | McIrco the Spriggan Brigand began the quest for the Orb.
     0 | D:1      | Reached XP level 1. HP: 10/10 MP: 2/2
   172 | D:1      | Found a faded altar of an unknown god.
   581 | D:1      | Reached XP level 2. HP: 14/14 MP: 3/3
  1570 | D:2      | Reached XP level 3. HP: 14/18 MP: 4/4
  1676 | D:2      | Noticed Sigmund
  1679 | D:2      | Killed Sigmund
  1680 | D:2      | Reached XP level 4. HP: 23/23 MP: 5/5
  1680 | D:2      | Reached XP level 5. HP: 26/26 MP: 6/6
  1871 | D:3      | Reached skill level 10 in Stealth
  2501 | D:3      | Found a radiant altar of Vehumet.
  2501 | D:3      | Found a basalt altar of Yredelemnul.
  2653 | D:3      | Reached XP level 6. HP: 27/32 MP: 7/7
  3190 | D:4      | Reached skill level 1 in Long Blades
  4794 | D:5      | Entered Level 5 of the Dungeon
  4794 | D:5      | Noticed a sky beast
  4795 | D:5      | Killed a sky beast
  4796 | D:5      | Reached XP level 7. HP: 36/36 MP: 8/8
  4851 | D:4      | Reached skill level 5 in Dodging
  5557 | D:5      | Found a transporter.
  5558 | D:5      | Found a transporter.
  5572 | D:5      | Found a one-way gate to the infinite horrors of the Abyss.
  5572 | D:5      | Noticed paps's ghost (weakling DsDe)
  6222 | D:5      | Reached XP level 8. HP: 22/40 MP: 9/9
  6683 | D:5      | Identified 2 scrolls of acquirement
  7043 | D:6      | Found a snail-covered altar of Cheibriados.
  7640 | D:6      | Found a staircase to the Ecumenical Temple.
  7650 | Temple   | Entered the Ecumenical Temple
  7858 | Temple   | Became a worshipper of Warmaster Okawaru
  8006 | D:6      | Reached skill level 10 in Dodging
  8127 | D:7      | Found a flagged portal.
  8166 | Bailey   | Entered a bailey
  8190 | Bailey   | Reached * piety under Okawaru
  8730 | Bailey   | Reached XP level 9. HP: 44/44 MP: 10/10
  8918 | Bailey   | Reached skill level 5 in Throwing
  9483 | Bailey   | Reached ** piety under Okawaru
  9484 | Bailey   | Reached skill level 5 in Short Blades
 10915 | D:7      | Noticed a two-headed ogre
 10921 | D:7      | Killed a two-headed ogre
 11118 | D:7      | Reached *** piety under Okawaru
 11178 | D:7      | Killed from afar by an orc wizard

Illustrated notes

Levels and vault maps discovered:
D:1:      heliophobic_arrival_dark_side_of_the_moon, layout_loops_corners,
          ebering_ecumenical_altar_abandoned, serial_glass, glass_columns_a,
          glass_columns_c
D:2:      layout_rooms, uniq_sigmund
D:3:      layout_rooms, gammafunk_temple_overflow_pools,
          kennysheep_generic_room_12
D:4:      layout_rooms, minmay_misc_feat_doors, minivault_19
D:5:      layout_gridville, gammafunk_ghost_abyssal_escape, saegor_snake_ambush
D:6:      layout_gridville, overflow_temple_1_default, temple_fountains
D:7:      layout_loops_ring, enter_bailey_5
Temple:   nicolae_temple_elliptical

Skill      XL: |  1  2  3  4  5  6  7  8  9 |
---------------+----------------------------+-----
Stealth        | 6 7 9 10 | 10.0
Fighting       | 2 3 |  3.0
Long Blades    | 2 |  2.7
Dodging        | 3 7 10 | 10.0
Short Blades   | 3 8 |  8.5
Throwing       | 4 5 |  5.0

Action                   |  1- 3 |  4- 6 |  7- 9 || total
-------------------------+-------+-------+-------++-------
Melee: Dagger            |    74 |   230 |   287 ||   591
Throw: Dart              |       |    13 |   161 ||   174
Evoke: Wand              |       |       |    28 ||    28
  Use: Potion            |     1 |     3 |       ||     4
       Scroll            |       |       |     7 ||     7
 Stab: Sleeping          |    14 |    19 |    10 ||    43
       Distracted        |       |     1 |       ||     1
Armor: Robe              |     9 |    18 |    12 ||    39
Dodge: Dodged            |    35 |   124 |   298 ||   457

Table legend: (Time is in decaauts)
 A = Elapsed time spent in this place.
 B = Non-inter-level travel time spent in this place.
 C = Inter-level travel time spent in this place.
 D = Time resting spent in this place.
 E = Time spent auto-exploring this place.
 F = Levels seen in this place.
 G = Mean time per level.
                   A        B        C        D        E       F      G
               +--------+--------+--------+--------+--------+-----+--------+
         Total |   8902 |   8726 |    176 |   1934 |   4739 |   9 |  989.1 |
       Dungeon |   6565 |   6402 |    163 |   1072 |   4219 |   7 |  937.9 |
        Temple |    138 |    126 |     12 |      0 |     88 |   1 |  138.0 |
        Bailey |   2199 |   2199 |      0 |    862 |    431 |   1 | 2199.0 |
               +--------+--------+--------+--------+--------+-----+--------+

Top non-repeatable levels by time:
  Bailey: 2199 daAuts
     D:4: 1508 daAuts
     D:3: 1395 daAuts
     D:5: 1181 daAuts
     D:1: 959 daAuts
     D:6: 854 daAuts
     D:2: 399 daAuts
     D:7: 266 daAuts
  Temple: 138 daAuts
